 Dungeon Sprint DCSS version 0.31-a0-875-g02e7d12df6 (webtiles) character file.

Game seed: 1304283107456201760

1183 sircluck the Grappler (level 8, -1/132 HPs)
             Began as a Troll Berserker on Oct 12, 2023.
             Was a High Priest of Trog.
             Slain by Snorg (18 damage)
             ... in the Dungeon (Sprint III: "The Ten Rune Challenge").
             The game lasted 00:00:58 (302 turns).

sircluck the Grappler (Troll Berserker)              Turns: 302, Time: 00:00:59

Health: -1/132     AC:  5    Str: 28    XL:     8   Next: 19%
Magic:  7/7        EV: 12    Int:  3    God:    Trog [*****.]
Gold:   55         SH:  0    Dex:  9    Spells: 7/7 levels left

rFire   . .          .
                       - Unarmed
rCold   . . .        (no shield)
rNeg    . . .        a - +0 animal skin
rPois   .            (helmet restricted)
rElec   .            i - +0 cloak
rCorr   .            (gloves unavailable)
SInv    .            (boots unavailable)
Will    .....        (no amulet) Stlth
                     (no ring)
HPRegen 2.02/turn    (no ring)
MPRegen 0.10/turn

%: no teleportation, clarity
@: berserking, very quick
A: large, unfitting armour, claws 3, regeneration 2, shaggy fur 1, tough skin 1,
clarity
a: Renounce Religion, Berserk, Trog's Hand, Brothers in Arms


You were in the Dungeon.
You worshipped Trog.
Trog was extremely pleased with you.
You visited 1 branch You collected 55 gold pieces.

Inventory:

Armour
 a - a +0 animal skin (worn)
 i - a +0 cloak (worn)
Wands
 o - a wand of charming (12)
Scrolls
 g - a scroll of blinking
 h - a scroll of vulnerability {unknown}
 k - 3 scrolls of poison {unknown}
 l - 3 scrolls of identify
 n - a scroll of torment {unknown}
Potions
 b - a potion of curing
 c - 3 potions of heal wounds
 d - a potion of haste
 e - 2 potions of magic
 f - 2 potions of berserk rage
 j - 3 potions of mutation
 m - a potion of enlightenment {unknown}


   Skills:
 + Level 8.3 Fighting
 + Level 6.9 Armour
 + Level 8.2 Dodging
 + Level 9.8 Unarmed Combat


You had 7 spell levels left.
You didn't know any spells.
Your spell library was empty.

Dungeon Overview and Level Annotations

Branches:
Dungeon (1/1)

Altars:
Cheibriados
Dithmenos
Elyvilon
Fedhas
Gozag
Hepliaklqana
Kikubaaqudgha
Makhleb
Nemelex Xobeh
Okawaru
Qazlal
Ru
Sif Muna
Trog
Uskayaw
Vehumet
Wu Jian
Xom
Yredelemnul
Zin
The Shining One
Jiyva
Lugonu

Annotations:
D Snorg


Innate Abilities, Weirdness & Mutations

You are too large for most types of armour.
You have claws for hands.
You heal very quickly.
You are covered in fur. (AC +1)
You have tough skin. (AC +1)
You possess an exceptional clarity of mind.


Message History

You open the door.
There is an open door here.
Snorg the Insatiable comes into view.
Snorg moves out of view.
No target in view!
No target in view!
No target in view!
You enter the shallow water.
Snorg shouts!
Snorg goes berserk!
A red film seems to cover your vision as you go berserk!
You feel yourself moving faster!
You feel mighty! Snorg bites you!! Snorg claws you. Snorg closely misses you.
You claw Snorg!
Snorg is lightly wounded.
Snorg misses you. Snorg claws you! Snorg claws you!!
You barely miss Snorg.
Snorg is lightly wounded.
Unknown command.
Unknown command.
Unknown command.
You claw Snorg!
Snorg is lightly wounded.
Snorg closely misses you. Snorg barely misses you. Snorg claws you!
You claw Snorg!
Snorg is moderately wounded.
Snorg closely misses you. Snorg claws you! Snorg closely misses you.
You completely miss Snorg.
Snorg is moderately wounded.
Snorg bites you! Snorg claws you!!
* * * LOW HITPOINT WARNING * * *
Snorg claws you!
* * * LOW HITPOINT WARNING * * *
Unknown command.
Unknown command.
Unknown command.
You claw Snorg!
Snorg is heavily wounded.
Snorg bites you!!
You die...

♣.#___#___#__#
♣.#.).#__)#._#
..###'#'###)##
♣.#..........#
♣.'.⌠........#
♣.#...######'#
..#.⌠.#__#...#+#####
..#...#__#...#.§~~~+
..#'###__#...#.#@§§#
..#)):#__#...'.#T§§#
..#___#__'...#.#§§§#
▓▓▓▓▓▓▓▓▓▓▓▓▓▓▓▓▓▓▓▓


You could see Snorg (berserk).

Vanquished Creatures
  A deep elf pyromancer (D)
  A shadow (D)
  A spatial vortex (D)
  A necrophage (D)
  A water elemental (D)
  Crazy Yiuf (D)
  A jelly (D)
  A wizard (D)
  A necromancer (D)
  3 humans (D)
  A kobold demonologist (D)
  4 rats (D)
17 creatures vanquished.

Notes
Turn   | Place    | Note
-------+----------+-------------------------------------------
     0 | D        | sircluck the Troll Berserker began the quest for the Orb.
     0 | D        | Reached XP level 1. HP: 22/22 MP: 0/0
    17 | D        | Reached ** piety under Trog
    45 | D        | Reached skill level 4 in Unarmed Combat
    45 | D        | Reached XP level 2. HP: 24/31 MP: 1/1
    53 | D        | Noticed Crazy Yiuf
    60 | D        | Killed Crazy Yiuf
    61 | D        | Reached skill level 5 in Unarmed Combat
    61 | D        | Reached XP level 3. HP: 16/39 MP: 0/2
   101 | D        | Gained mutation: You possess an exceptional clarity of
                  | mind. [potion of mutation]
   101 | D        | Gained mutation: You heal very quickly. [potion of
                  | mutation]
   116 | D        | Noticed a water elemental
   121 | D        | Killed a water elemental
   121 | D        | Reached *** piety under Trog
   122 | D        | Reached XP level 4. HP: 49/49 MP: 3/3
   169 | D        | Found a glowing silver altar of Zin.
   169 | D        | Found a glowing golden altar of the Shining One.
   169 | D        | Found a white marble altar of Elyvilon.
   170 | D        | Noticed a deep elf pyromancer
   175 | D        | Killed a deep elf pyromancer
   176 | D        | Reached skill level 5 in Armour
   176 | D        | Reached skill level 8 in Unarmed Combat
   176 | D        | Reached XP level 5. HP: 44/62 MP: 4/4
   176 | D        | Reached XP level 6. HP: 50/71 MP: 5/5
   193 | D        | Found a hide-covered altar of Uskayaw.
   193 | D        | Found an iron altar of Okawaru.
   193 | D        | Found a bloodstained altar of Trog.
   193 | D        | Found an ornate altar of the Wu Jian Council.
   193 | D        | Noticed a human
   193 | D        | Noticed a human
   196 | D        | Killed a human
   197 | D        | Reached XP level 7. HP: 76/78 MP: 6/6
   204 | D        | Killed a human
   204 | D        | Reached **** piety under Trog
   205 | D        | Reached skill level 9 in Unarmed Combat
   221 | D        | Found a basalt altar of Yredelemnul.
   221 | D        | Found a shadowy altar of Dithmenos.
   221 | D        | Found a sacrificial altar of Ru.
   233 | D        | Noticed a shadow
   234 | D        | Killed a shadow
   234 | D        | Reached ***** piety under Trog
   235 | D        | Reached XP level 8. HP: 88/88 MP: 7/7
   250 | D        | Found a radiant altar of Vehumet.
   250 | D        | Found a shimmering blue altar of Sif Muna.
   250 | D        | Found an ancient bone altar of Kikubaaqudgha.
   274 | D        | Found a blossoming altar of Fedhas.
   274 | D        | Found a stormy altar of Qazlal.
   274 | D        | Found a snail-covered altar of Cheibriados.
   274 | D        | Found a burning altar of Makhleb.
   274 | D        | Found a shimmering altar of Xom.
   275 | D        | Found a hazy altar of Hepliaklqana.
   275 | D        | Found an opulent altar of Gozag.
   275 | D        | Found a sparkling altar of Nemelex Xobeh.
   275 | D        | Found a corrupted altar of Lugonu.
   275 | D        | Found a viscous altar of Jiyva.
   294 | D        | Noticed Snorg
   302 | D        | Slain by Snorg

Illustrated notes

Levels and vault maps discovered:
D:        dungeon_sprint_mu [sprint_mu_entry_forest, sprint_mu_temple_rooms,
          sprint_mu_d1_horrors, sprint_mu_d2_genie, sprint_mu_d3_branching,
          sprint_mu_orc_legion, sprint_mu_elf_gauntlet, sprint_mu_hive_nellie,
          sprint_mu_lair_fedhas, sprint_mu_vaults_butterflies,
          sprint_mu_slime_circle, sprint_mu_swamp_cave, sprint_mu_snake_twists,
          sprint_mu_blade_basic, sprint_mu_crypt_fortress,
          sprint_mu_tomb_spiral, sprint_mu_vestibule_basic,
          sprint_mu_gehenna_hellfire, sprint_mu_dis_giant,
          sprint_mu_tartarus_statrot, sprint_mu_cocytus_islands, sprint_mu_zot1]

Skill      XL: |  1  2  3  4  5  6  7 |
---------------+----------------------+-----
Fighting       | 3 4 7 8 |  8.3
Dodging        | 3 4 6 7 8 |  8.2
Unarmed Combat | 4 5 8 9 |  9.8
Armour         | 2 5 6 |  6.9

Action                     |  1- 3 |  4- 6 |  7- 9 || total
---------------------------+-------+-------+-------++-------
  Melee: Unarmed           |    24 |     7 |    31 ||    62
         Punch             |     1 |       |       ||     1
 Invoke: Berserk           |     1 |       |     1 ||     2
    Use: Potion            |     1 |       |       ||     1
 Armour: Animal skin       |    10 |     6 |    20 ||    36
  Dodge: Dodged            |    11 |     2 |    16 ||    29

Table legend: (Time is in decaauts)
 A = Elapsed time spent in this place.
 B = Non-inter-level travel time spent in this place.
 C = Inter-level travel time spent in this place.
 D = Time resting spent in this place.
 E = Time spent auto-exploring this place.
 F = Levels seen in this place.
 G = Mean time per level.
                   A        B        C        D        E       F      G
               +--------+--------+--------+--------+--------+-----+--------+
         Total |    303 |    277 |     26 |     53 |    127 |   1 |  303.0 |
       Dungeon |    303 |    277 |     26 |     53 |    127 |   1 |  303.0 |
               +--------+--------+--------+--------+--------+-----+--------+

Top non-repeatable levels by time:
       D: 303 daAuts
